Map: Lightshade LE

Players

RazerBlader - Winner!

  • Race: Terran Terran
  • League: Master
  • Spawn Location: 5:00

BlysK

  • Race: Protoss Protoss
  • League: Master
  • Spawn Location: 11:00

Event: DreamHack SC2 Masters 2020 Winter

VOD

Have the link to the VOD?

Description

Time

  • Played on: Oct. 17, 2020, 4:08 a.m.
  • Length: 10:12

All games in this series

Show
View Real Time Build Order
Export as new Build Order

RazerBlader Terran - Winner!

Build Orders: Reaper Expand 

Get SALT Encoding   

  12  0:00  SCV  
  13  0:12  SCV  
  14  0:17  Supply Depot  
  14  0:24  SCV  
  15  0:38  SCV  
  15  0:40  Barracks  
  16  0:43  Refinery  
  16  0:50  SCV  
  17  1:03  SCV  
  18  1:15  SCV  
  19  1:27  Orbital Command, Reaper  
  20  1:42  Command Center  
  20  1:52  Supply Depot  
  21  1:54  SCV  
  21  1:59  Marine  
  22  2:08  SCV  
  23  2:10  Factory  
  23  2:19  Bunker  
  23  2:20  SCV  
  24  2:24  Barracks Reactor  
  24  2:30  Refinery  
  24  2:34  SCV  
  25  2:46  SCV  
  26  2:57  Hellion  
  28  2:58  Starport  
  28  2:59  Orbital Command  
  28  3:00  SCV  
  28  3:01  Marine  
  28  3:04  Marine  
  31  3:12  SCV  
  32  3:19  Factory Tech Lab  
  32  3:21  Marine  
  32  3:24  Marine, Supply Depot, SCV  
  32  3:27  SCV  
  36  3:36  SCV  
  36  3:39  Cyclone  
  40  3:45  Viking  
  40  3:46  Marine x2  
  44  3:55  Supply Depot  
  43  3:56  SCV  
  43  3:59  SCV  
  45  4:05  Marine x2  
  45  4:08  SCV  
  48  4:11  Cyclone  
  49  4:23  Marine  
  47  4:25  Marine  
  47  4:26  Viking  
  47  4:28  SCV  
  50  4:32  SCV  
  51  4:40  SCV  
  51  4:41  Marine  
  51  4:43  Marine  
  51  4:45  Supply Depot  
  52  4:47  Siege Tank  
  52  4:48  SCV  
  52  4:52  SCV  
  57  4:58  Viking  
  57  4:59  Marine  
  60  5:01  SCV  
  60  5:02  Supply Depot  
  60  5:05  Marine  
  60  5:06  SCV  
  63  5:08  Supply Depot  
  63  5:14  SCV  
  64  5:18  SCV  
  64  5:20  Siege Tank  
  68  5:22  Marine  
  68  5:23  Marine  
  68  5:26  SCV  
  71  5:30  Viking  
  73  5:38  Command Center  
  72  5:44  SCV  
  72  5:45  Barracks x2  
  73  5:54  Siege Tank  
  73  5:56  SCV  
  73  5:57  SCV, Refinery  
  78  6:04  Marine  
  78  6:05  Engineering Bay x2  
  78  6:08  Marine  
  78  6:09  Starport Reactor  
  74  6:26  Siege Tank  
  74  6:30  SCV x2  
  74  6:31  Marine  
  79  6:33  Refinery  
  76  6:45  Marine  
  76  6:46  Barracks Tech Lab x2  
  76  6:49  Barracks x2  
  76  6:52  SCV  
  66  6:54  Orbital Command  
  66  6:58  Marine  
  66  7:02  Marine  
  66  7:05  SCV  
  66  7:08  Marauder x2, Stimpack  
  68  7:10  Terran Infantry Weapons Level 1  
  61  7:15  Marine, SCV  
  61  7:18  Orbital Command  
  61  7:20  Marine  
  62  7:24  Terran Infantry Armor Level 1  
  62  7:29  SCV  
  63  7:32  Marauder  
  63  7:33  Marauder  
  63  7:34  SCV  
  68  7:39  Marine  
  68  7:40  Barracks Tech Lab, Barracks Reactor  
  68  7:41  SCV  
  68  7:44  Combat Shield  
  70  7:45  SCV  
  70  7:46  SCV  
  70  7:47  Marine  
  73  7:52  Supply Depot  
  73  7:53  Marine x2, SCV  
  73  7:54  Siege Tank  
  73  7:57  Marine, SCV  
  81  8:00  Supply Depot  
  81  8:02  Marauder  
  81  8:04  Concussive Shells, Marine  
  83  8:06  SCV  
  83  8:07  SCV  
  83  8:08  Refinery  
  83  8:09  Supply Depot  
  83  8:10  SCV  
  83  8:12  Supply Depot  
  88  8:13  Marauder x2  
  88  8:18  SCV  
  88  8:19  SCV, Marine  
  92  8:20  Marine, Medivac  
  92  8:22  SCV  
  92  8:23  Medivac  
  92  8:24  Marine x2  
  92  8:26  Marauder  
  103  8:30  SCV, Supply Depot  
  103  8:31  SCV  
  103  8:33  Supply Depot  
  106  8:34  SCV  
  106  8:37  Siege Tank  
  106  8:38  Marine  
  106  8:39  Marauder, Supply Depot  
  113  8:42  Marauder, SCV  
  113  8:43  Marine x2  
  113  8:47  Missile Turret  
  113  8:48  Marine, Marauder  
  120  8:54  Armory  
  120  8:56  Marine  
  120  8:57  Medivac  
  120  8:59  Marine  
  120  9:02  Marine  
  125  9:03  Marauder  
  125  9:04  Marine  
  125  9:05  Marine  
  125  9:09  Marauder  
  123  9:11  Siege Tank  
  123  9:14  Marine  
  123  9:15  SCV x3  
  130  9:17  Marine  
  130  9:20  Marine  
  130  9:22  Marine  
  130  9:23  Marine  
  134  9:25  Marauder  
  136  9:34  Marine, Marauder  
  136  9:36  Marauder  
  141  9:44  Marine  
  138  9:46  Marauder  
  138  9:48  Marine  
Show
View Real Time Build Order
Export as new Build Order

BlysK Protoss 

Build Orders: Phoenix Opening 

Get SALT Encoding   

  12  0:00  Probe  
  13  0:12  Probe  
  14  0:17  Pylon  
  14  0:25  Probe (Chrono Boost)  
  15  0:38  Probe (Chrono Boost)  
  15  0:39  Gateway  
  16  0:46  Assimilator, Probe (Chrono Boost)  
  17  0:52  Probe  
  17  0:55  Assimilator  
  19  1:04  Probe  
  19  1:06  Pylon  
  19  1:16  Probe  
  20  1:26  Cybernetics Core  
  20  1:28  Probe  
  21  1:40  Probe  
  22  1:52  Probe  
  23  1:59  Adept (Chrono Boost)  
  23  2:04  Stargate, Probe  
  25  2:17  Nexus  
  25  2:19  Adept (Chrono Boost)  
  27  2:25  Probe  
  28  2:37  Pylon  
  28  2:40  Probe  
  28  2:42  Adept  
  31  2:46  Warp Gate  
  31  2:55  Phoenix (Chrono Boost), Probe  
  34  3:08  Probe  
  35  3:17  Phoenix (Chrono Boost)  
  37  3:20  Probe  
  37  3:21  Robotics Facility  
  38  3:29  Probe  
  38  3:32  Probe  
  40  3:34  Phoenix (Chrono Boost)  
  42  3:42  Probe  
  42  3:44  Probe  
  44  3:51  Gateway  
  44  3:54  Phoenix  
  46  3:57  Probe  
  44  4:21  Probe  
  44  4:23  Probe (Chrono Boost)  
  35  4:33  Gateway, Twilight Council, Probe (Chrono Boost)  
  35  4:35  Probe (Chrono Boost)  
  35  4:37  Stalker  
  39  4:41  Observer  
  39  4:42  Probe (Chrono Boost)  
  39  4:43  Probe (Chrono Boost)  
  42  4:47  Probe (Chrono Boost)  
  42  4:49  Assimilator, Probe  
  44  4:56  Assimilator  
  44  4:57  Pylon  
  44  4:58  Sentry  
  44  4:59  Probe  
  47  5:01  Probe  
  47  5:02  Pylon  
  48  5:11  Probe (Chrono Boost)  
  48  5:13  Robotics Bay  
  48  5:14  Gateway  
  50  5:15  Probe (Chrono Boost)  
  50  5:19  Shield Battery  
  50  5:23  Probe (Chrono Boost)  
  52  5:30  Probe (Chrono Boost)  
  52  5:31  Stalker, Probe (Chrono Boost)  
  53  5:38  Twilight Council, Probe  
  53  5:40  Immortal (Chrono Boost)  
  58  5:48  Stalker  
  61  5:50  Probe x2  
  61  5:54  Pylon  
  62  6:03  Adept  
  64  6:08  Stalker  
  66  6:11  Disruptor (Chrono Boost)  
  66  6:15  Stalker x2  
  63  6:30  Stalker  
  63  6:32  Gateway  
  65  6:33  Gateway  
  65  6:39  Disruptor (Chrono Boost)  
  61  6:44  Stalker x2  
  62  6:52  Probe x2  
  59  6:58  Stalker  
  61  7:04  Probe  
  61  7:07  Stalker x2  
  56  7:13  Probe  
  53  7:17  Probe (Chrono Boost)  
  53  7:18  Blink (Chrono Boost)  
  54  7:24  Sentry  
  54  7:25  Probe (Chrono Boost)  
  58  7:30  Stalker x2  
  58  7:35  Pylon, Probe x2 (Chrono Boost)  
  63  7:40  Probe (Chrono Boost)  
  63  7:41  Probe (Chrono Boost)  
  68  7:51  Probe  
  68  7:53  Probe  
  67  8:02  Warp Prism (Chrono Boost)  
  67  8:03  Probe  
  67  8:05  Probe  
  71  8:08  Gravitic Drive  
  71  8:09  Nexus  
  71  8:16  Gateway  
  71  8:19  Probe  
  72  8:20  Forge  
  72  8:21  Probe  
  73  8:27  Disruptor (Chrono Boost)  
  73  8:31  Pylon, Probe  
  73  8:33  Observer  
  77  8:39  Probe  
  78  8:48  Pylon  
  78  8:49  Probe  
  78  8:51  Probe  
  78  8:54  Colossus (Chrono Boost)  
  85  9:12  Zealot x4  
  85  9:15  Probe  
  94  9:20  Probe  
  94  9:22  Shield Battery  
  95  9:26  Zealot x2  
  95  9:31  Templar Archives  
  96  9:44  Zealot  
  96  9:45  Zealot x3  
Tags
 
Add a new tag
Caveats
  • Supply blocks, unpowered buildings, or Contaminate may cause inaccurate times.
  • Supply counts are checked every 10 seconds.